Map: Dusk Towers

Players

LilDicky - Winner!

  • Race: Terran Terran
  • League: Diamond

Lamanite

  • Race: Zerg Zerg

VOD

http://www.twitch.tv/tumescentpie

Description

Time

  • Played on: Nov. 27, 2015, 9:08 a.m.
  • Length: 13:14
Show
View Real Time Build Order
Export as new Build Order

LilDicky Terran - Winner!

Build Orders: Command Center First (CC), Mech 

Get SALT Encoding   

  12  0:01  SCV  
  13  0:13  SCV  
  14  0:21  Supply Depot  
  14  0:25  SCV  
  16  0:42  SCV  
  16  0:54  SCV  
  17  1:01  Command Center  
  17  1:07  SCV  
  18  1:14  Refinery  
  18  1:21  Barracks  
  18  1:23  SCV  
  19  1:37  SCV  
  20  1:47  Refinery  
  20  1:49  SCV  
  21  2:01  SCV  
  21  2:07  Marine  
  23  2:09  Supply Depot  
  23  2:13  Orbital Command  
  23  2:15  Orbital Command  
  23  2:23  Factory  
  23  2:25  Marine  
  24  2:40  Refinery  
  24  2:41  SCV  
  24  2:42  SCV  
  26  2:53  SCV, Barracks Tech Lab  
  26  2:55  SCV  
  28  3:05  SCV  
  28  3:12  Factory  
  29  3:16  SCV  
  30  3:20  Siege Tank  
  30  3:21  Barracks Reactor  
  30  3:25  SCV  
  34  3:28  SCV  
  35  3:36  Command Center  
  35  3:37  SCV  
  35  3:40  SCV  
  37  3:42  Supply Depot  
  37  3:49  SCV  
  37  3:52  SCV  
  37  3:53  Supply Depot  
  39  3:56  Siege Tank  
  39  4:01  SCV  
  43  4:04  SCV  
  43  4:06  Hellion  
  43  4:07  Hellion  
  48  4:13  SCV  
  48  4:16  SCV  
  50  4:19  Infernal Pre-Igniter  
  50  4:26  SCV  
  50  4:27  Hellion  
  50  4:28  Cyclone  
  50  4:29  Hellion  
  50  4:30  SCV  
  59  4:37  Supply Depot  
  59  4:38  SCV  
  60  4:42  SCV  
  61  4:53  Hellion x2  
  65  5:01  SCV  
  65  5:04  SCV  
  65  5:07  Engineering Bay  
  65  5:10  Refinery  
  65  5:13  SCV, Supply Depot  
  66  5:15  Orbital Command  
  66  5:16  SCV  
  67  5:24  Hellion x2  
  67  5:25  SCV, Siege Tank  
  67  5:26  Armory, Factory  
  75  5:30  SCV  
  76  5:37  Supply Depot, SCV  
  76  5:41  Mag-Field Accelerator  
  76  5:42  SCV  
  78  5:49  Supply Depot  
  78  5:52  SCV  
  78  5:55  SCV  
  78  5:56  SCV  
  81  6:01  Supply Depot  
  81  6:08  Missile Turret x2  
  81  6:14  Missile Turret x2  
  81  6:15  Hellion x2  
  81  6:17  Factory Tech Lab  
  85  6:19  Factory  
  85  6:21  Terran Vehicle And Ship Armor Level 1  
  85  6:23  SCV x2, Armory  
  85  6:24  Starport  
  87  6:27  Supply Depot, SCV  
  88  6:35  SCV x2, Missile Turret  
  88  6:36  Cyclone  
  93  6:42  Thor  
  100  6:47  SCV x2, Refinery  
  100  6:48  Refinery  
  100  6:52  Supply Depot, SCV  
  102  6:59  SCV x2  
  104  7:01  Starport Tech Lab  
  104  7:10  Missile Turret x2  
  104  7:11  Missile Turret  
  104  7:18  Thor, Missile Turret  
  104  7:19  Factory Tech Lab  
  104  7:21  Hellion x2  
  114  7:24  Thor  
  114  7:29  SCV  
  121  7:31  Corvid Reactor  
  121  7:41  Banshee  
  121  7:44  SCV  
  125  7:47  Supply Depot  
  125  7:49  Terran Vehicle Weapons Level 1  
  125  7:52  Missile Turret  
  125  8:03  Command Center, Thor  
  131  8:06  Hellion  
  131  8:08  Hellion x3  
  131  8:10  Supply Depot x2  
  131  8:11  Supply Depot  
  139  8:13  Supply Depot  
  139  8:15  Supply Depot  
  139  8:17  Supply Depot, Terran Vehicle And Ship Armor Level 2  
  139  8:19  SCV x2  
  141  8:31  SCV x3, Raven  
  141  8:32  Supply Depot, Hellion  
  148  8:38  Command Center  
  148  8:44  SCV, Missile Turret, Thor x2  
  161  9:01  Starport  
  161  9:03  Starport  
  161  9:14  Raven  
  163  9:38  Missile Turret  
  163  9:40  Missile Turret  
  163  9:41  Missile Turret  
  163  9:43  Missile Turret  
  163  9:45  Missile Turret x2  
  163  9:51  Starport Reactor x2  
  163  9:57  Terran Vehicle Weapons Level 2, Raven  
  163  9:58  Thor  
  171  10:00  Orbital Command  
  171  10:01  Orbital Command  
  171  10:15  Liberator  
  171  10:16  Liberator x3  
  183  10:41  Supply Depot  
  183  10:44  Missile Turret  
  183  10:46  Missile Turret  
  183  10:59  Engineering Bay  
  183  11:02  Missile Turret  
  182  11:14  Thor x2  
  182  11:15  Hellion x2  
  187  11:50  Liberator x3  
  157  12:07  Raven  
  166  12:10  Hellion x2  
  166  12:11  Hellion x3  
  176  12:33  Hellbat x3  
  176  12:34  Hellbat x2  
Show
View Real Time Build Order
Export as new Build Order

Lamanite Zerg 

Build Orders: Pool First 

Get SALT Encoding   

  12  0:01  Drone  
  13  0:08  Drone  
  14  0:17  Overlord  
  14  0:34  Spawning Pool  
  13  0:36  Drone  
  14  0:48  Drone  
  14  0:49  Drone x2  
  17  0:52  Extractor  
  16  1:04  Drone  
  17  1:17  Drone  
  18  1:27  Hatchery  
  18  1:28  Zergling x2  
  18  1:38  Queen  
  20  1:42  Drone  
  21  1:54  Metabolic Boost  
  21  1:57  Zergling x2  
  21  2:01  Overlord  
  22  2:19  Drone  
  22  2:20  Overlord  
  23  2:28  Roach Warren  
  22  2:32  Extractor  
  21  2:37  Lair  
  21  2:46  Drone x2  
  23  2:59  Drone x2  
  23  3:03  Drone  
  26  3:09  Zergling x2  
  27  3:15  Roach  
  27  3:19  Roach  
  31  3:23  Drone  
  31  3:25  Drone  
  33  3:34  Drone x2  
  33  3:35  Drone  
  33  3:38  Drone  
  37  3:46  Zergling x2  
  37  3:47  Drone x2  
  40  4:01  Evolution Chamber, Glial Reconstitution  
  39  4:06  Hydralisk Den  
  39  4:07  Drone x2  
  40  4:13  Zergling x4  
  40  4:16  Roach  
  44  4:24  Overlord x2  
  44  4:29  Zerg Missile Weapons Level 1  
  44  4:43  Hydralisk x2  
  44  4:44  Hydralisk  
  50  4:45  Zergling x2  
  50  4:50  Roach  
  50  4:51  Roach  
  55  5:15  Lurker Den  
  55  5:18  Drone x3  
  58  5:22  Hatchery  
  58  5:25  Roach  
  58  5:26  Zergling x2  
  60  5:29  Overlord  
  60  5:36  Extractor  
  59  5:46  Queen  
  59  5:47  Hydralisk x2  
  59  5:49  Ravager  
  66  5:50  Ravager  
  66  5:51  Overlord  
  67  6:03  Spore Crawler  
  66  6:06  Roach  
  66  6:08  Overlord  
  66  6:09  Overlord  
  68  6:35  Drone x7  
  75  6:44  Hydralisk  
  75  6:46  Lurker x2  
  79  6:53  Lurker  
  80  6:54  Zergling x2  
  80  6:55  Zergling x4  
  83  7:08  Hydralisk x3  
  89  7:16  Extractor  
  89  7:18  Drone x4  
  92  7:31  Overlord, Roach x3  
  92  7:32  Overlord  
  98  7:43  Nydus Network  
  97  7:47  Overlord  
  97  7:50  Roach x2  
  97  7:51  Roach  
  103  7:59  Roach x2  
  103  8:00  Roach  
  109  8:10  Drone x2  
  111  8:17  Overseer  
  111  8:48  Hydralisk, Roach x4  
  117  8:49  Zergling x2  
  117  8:50  Overlord x3  
  122  9:07  Nydus Canal  
  122  9:12  Zergling x2  
  122  9:13  Roach x2, Zergling x6  
  130  9:31  Overseer  
  130  9:56  Hydralisk x2, Roach x3  
  130  9:57  Zergling x8  
  144  10:08  Nydus Canal  
  144  10:35  Ravager x2  
  146  10:37  Overlord  
  146  10:38  Overlord x3  
  146  10:58  Ravager x6  
  138  11:52  Roach x3, Zergling x4  
  138  11:53  Zergling x12  
  86  12:10  Hydralisk, Roach  
  86  12:11  Roach  
  82  12:27  Zergling x12  
  59  12:42  Spine Crawler  
  42  12:45  Spine Crawler  
  42  12:47  Hydralisk x4  
Tags
 
Add a new tag
Caveats
  • Supply blocks, unpowered buildings, or Contaminate may cause inaccurate times.
  • Supply counts are checked every 10 seconds.